 Dungeon Crawl Stone Soup version 0.18.1-8-gdd0e5ea (webtiles) character file.

46 mistymad the Ruffian (level 3, 0/32 HPs)
             Began as a Naga Transmuter on May 21, 2016.
             Slain by a rat (3 damage)
             ... on level 2 of the Dungeon.
             The game lasted 00:08:34 (1845 turns).

mistymad the Ruffian (Naga Transmuter)              Turns: 1845, Time: 00:08:34

Health: 0/32       AC:  3    Str: 12    XL:     3   Next: 68%
Magic:  6/6        EV: 10    Int: 14    God:
Gold:   19         SH:  0    Dex: 11    Spells: 2 memorised, 3 levels left

rFire  . . .     SeeInvis +       - Unarmed
rCold  . . .     Gourm    .     b - +0 robe
rNeg   . . .     Faith    .     (no shield)
rPois  +         Spirit   .     (no helmet)
rElec  .         Dismiss  .     (no cloak)
rCorr  .         Reflect  .     g - +0 pair of gloves
SustAt .         Harm     .     (no barding)
MR     .....                    (no amulet)
Stlth  +.........               (no ring)
                                (no ring)

@: very slow, not resistant to hostile enchantments, very unstealthy
A: see invisible, deformed body, poison resistance, slowness 2, slow metabolism
1, spit poison 2, AC +1
a: Spit Poison


You were on level 2 of the Dungeon.
You were not hungry.

You visited 1 branch of the dungeon, and saw 2 of its levels.

You collected 19 gold pieces.

Inventory:

Missiles
 a - 9 arrows
Armour
 b - a +0 robe (worn)
 g - a +0 pair of gloves (worn)
Jewellery
 i - a cursed ring of teleportation {unknown}
Scrolls
 e - 2 scrolls of identify {unknown}
 k - a scroll of teleportation {unknown}
 m - a scroll of immolation {unknown}
Potions
 f - 2 potions of curing {unknown}
 h - 2 potions of agility {unknown}
Books
 c - a book of Changes

   Spells                             Type                      Level
   a - Beastly Appendage              Transmutation                1
   b - Sticks to Snakes               Transmutation                2
   c - Spider Form                    Transmutation/Poison         3
   d - Ice Form                       Ice/Transmutation            4
   e - Blade Hands                    Transmutation                5
Comestibles
 d - a bread ration
 l - a beef jerky


   Skills:
 + Level 2.2 Fighting
 - Level 1.6 Dodging
 - Level 3.2 Unarmed Combat
 - Level 2.2 Spellcasting
 + Level 2.8 Transmutations


You had 3 spell levels left.
You knew the following spells:

 Your Spells              Type           Power        Failure   Level  Hunger
a - Beastly Appendage     Trmt           #.....       10%         1    #......
b - Sticks to Snakes      Trmt           #.......     14%         2    ###....


Dungeon Overview and Level Annotations

Branches:
Dungeon (2/15)

Altars:
The Shining One


Innate Abilities, Weirdness & Mutations

You cannot wear boots.
Your serpentine skin is tough (AC +1).
You have supernaturally acute eyesight.
Armour fits poorly on your strangely shaped body.
Your system is resistant to poisons.
You cover ground very slowly.
You have a slow metabolism.
You can spit poison.


Message History

You barely miss the goblin.
The goblin is severely wounded.
The goblin barely misses you.
You hit the goblin.
You kill the goblin!
You closely miss the rat. The rat closely misses you.
You barely miss the rat. You headbutt the rat, but do no damage.
The rat bites you.
* * * LOW HITPOINT WARNING * * *
You barely miss the rat. The rat bites you but does no damage.
You hit the rat but do no damage. The rat misses you.
You closely miss the rat.
Your horns disappear.
The rat bites you but does no damage.
You barely miss the rat. The rat barely misses you.
You hit the rat but do no damage. The rat barely misses you.
You hit the rat.
The rat is heavily wounded.
The rat bites you.
You die...

.........###..###.. ######....b
........... ..# .. #....(.....
............ .# #.......g..
............ #.....####.
............ #.....# ##
........... ?......# ##
.......... ........# #8.
#######################....?###..
..........#.....@r....#......#8..
#########.#.#########.#.#...##
....#.....#.....#.gg[.#......#
###.#.#########.#.#####.#...##
....#...........#..SSgg......#
#######################....###
#...........g.......#
#.............r.....#
#........>..........#


You could see a rat.

Vanquished Creatures
  2 adders (D:2)
  3 dart slugs (D:1)
  4 bats
  A giant cockroach (D:2)
  2 goblins
  A hobgoblin (D:2)
  3 kobolds
  6 rats (D:1)
22 creatures vanquished.

Vanquished Creatures (collateral kills)
  A worm (D:2)
1 creature vanquished.

Grand Total: 23 creatures vanquished

Notes
Turn   | Place    | Note
--------------------------------------------------------------
     0 | D:1      | mistymad the Naga Transmuter began the quest for the Orb.
     0 | D:1      | Reached XP level 1. HP: 18/18 MP: 3/3
   303 | D:1      | Reached XP level 2. HP: 25/25 MP: 3/5
   392 | D:1      | Learned a level 2 spell: Sticks to Snakes
  1042 | D:2      | Found a glowing golden altar of the Shining One.
  1610 | D:2      | Reached XP level 3. HP: 16/32 MP: 6/6
  1845 | D:2      | Slain by a rat

Skill      XL: |  1  2  3 |
---------------+----------+-----
Fighting       | 2 |  2.2
Dodging        | |  1.6
Unarmed Combat | |  3.2
Spellcasting   | |  2.2
Transmutations | |  2.8

Action                   || total
-------------------------++-------
Melee: Unarmed           ||    76
       Headbutt          ||    10
 Cast: Beastly Appendage ||    15
       Sticks to Snakes  ||     3
 Abil: Spit Poison       ||     1
  Eat: Chunk             ||     2
Armor: Robe              ||    30
Dodge: Dodged            ||    62
